AoeStats
← Jazzmushroom

Four Lakes

508565716Analyzed
1v1 RM · 9d ago on Sep 23, 2026· 23m 18s· 2 players
Game mode
Random Map
Map size
Tiny (2 player)
Population
200
Speed
Normal
Resources
Standard
Victory
Conquest
Starting age
Dark Age
Ending age
Imperial Age
RankedLock teamsTeams togetherTeam positionsShared explorationLock speedFull tech treeHidden civsTurbo modeCheats
Victory
Defeat
🇺🇸 Malay · United States
1480
+15
🇺🇸 Bohemians · United States
1454
-15
Jazzmushroom
8:17 Loom
10:27 Feudal Age
11:06 Double-Bit Axe
16:15 Fletching
16:59 Padded Archer Armor
18:00 Fishing Lines
23:02 Castle Age
chrisrossmuller123
6:57 Loom
9:12 Feudal Age
10:46 Fletching
18:29 Castle Age
18:30 Bodkin Arrow
19:30 Crossbowman
Connection lost

Rejoining the realm…

Still unreachable

The connection could not be restored.

Session expired

The server has moved on; the page needs a fresh start.